[Event "Titled Tuesday Blitz January 03 Late 2023"]
[White "Altman, Joshua"]
[Black "Sai Krishna G V"]
[WhiteFideId "426210"]
[BlackFideId "5028280"]
[WhiteElo "2120"]
[BlackElo "2384"]
[Result "0-1"]
[Round "07"]
[TimeControl "180+2"]
[Date "2023.01.03"]
[WhiteClock "0:00:07"]
[BlackClock "0:00:20"]

1. d4 Nf6 2. c4 g6 3. Nc3 Bg7 4. Nf3 O-O 5. Bg5 c5 6. e3 h6 7. Bh4 Nc6 8. Be2 Qb6 9. O-O Qxb2 10. Nb5 Qb4 11. Bg3 Ne4 12. Rb1 Qa5 13. Bc7 Qa6 14. Qc2 f5 15. dxc5 Nxc5 16. Bg3 Qa4 17. Qxa4 Nxa4 18. Nc7 Rb8 19. Nd5 d6 20. Bd1 Nc3 21. Nxc3 Bxc3 22. Bb3 Kg7 23. Rfc1 Be5 24. Nxe5 Nxe5 25. c5 Kf6 26. cxd6 exd6 27. Rc7 Be6 28. Bxe6 Kxe6 29. Rcxb7 Rxb7 30. Rxb7 Rc8 31. h3 a5 32. Ra7 Rc1+ 33. Kh2 Nc4 34. Ra6 Rc2 35. a4 Ra2 36. Ra7 Nd2 37. h4 Rxa4 38. Ra6 Ne4 39. Bf4 g5 40. hxg5 hxg5 41. Bg3 Ra2 42. Ra7 a4 43. Ra6 a3 44. f3 Nd2 45. Rxd6+ Kf7 46. Rd3 Nf1+ 47. Kh3 Ra1 48. Rd5 a2 49. Rxf5+ Kg6 50. Ra5 Nxe3 51. Bf2 Rh1+ 52. Kg3 Nf5+ 53. Kg4 a1=Q 54. Rxa1 Rxa1 55. Bg3 Ra4+ 56. Kh3 Nxg3 57. Kxg3 Kf5 58. Kh3 Kf4 59. g4 Kxf3 0-1


[Site "https://www.chess.com"]

[Event "Titled Tuesday Blitz January 03 Late 2023"]
[White "Sukandar, Irine Kharisma"]
[Black "Jaracz, Pawel"]
[WhiteFideId "7101937"]
[BlackFideId "1102222"]
[WhiteElo "2390"]
[BlackElo "2467"]
[Result "0-1"]
[Round "07"]
[TimeControl "180+2"]
[Date "2023.01.03"]
[WhiteClock "0:00:01"]
[BlackClock "0:00:30"]

1. d4 Nf6 2. Bf4 e6 3. e3 c5 4. Nd2 Nc6 5. Ngf3 Be7 6. Nc4 d5 7. Nce5 Qb6 8. Be2 Qxb2 9. O-O O-O 10. Nxc6 bxc6 11. Ne5 Bd7 12. Rb1 Qa3 13. Rb7 Rfd8 14. Bg5 cxd4 15. Bxf6 gxf6 16. Nxd7 dxe3 17. Qd4 exf2+ 18. Qxf2 f5 19. Rb3 Qd6 20. Rg3+ Kh8 21. Qd4+ f6 22. Nxf6 e5 23. Qf2 Qxf6 24. Qxf5 Qxf5 25. Rxf5 Rf8 26. Rxf8+ Rxf8 27. h3 Bc5+ 28. Kh2 Rf2 0-1


[Site "https://www.chess.com"]

[Event "Titled Tuesday Blitz January 03 Late 2023"]
[White "Wieczorek, Oskar"]
[Black "Martins, Bruno Andre Leite"]
[WhiteFideId "1133950"]
[BlackFideId "1942255"]
[WhiteElo "2512"]
[BlackElo "2348"]
[Result "0-1"]
[Round "07"]
[TimeControl "180+2"]
[Date "2023.01.03"]
[WhiteClock "0:00:02"]
[BlackClock "0:01:36"]

1. e4 e6 2. d4 d5 3. Nd2 c5 4. exd5 Qxd5 5. Ngf3 cxd4 6. g3 Nc6 7. Bg2 Nge7 8. O-O Qd8 9. Nb3 e5 10. Re1 f6 11. Nh4 g6 12. c3 dxc3 13. Qc2 Bg7 14. bxc3 O-O 15. Ba3 Qc7 16. Rad1 Bg4 17. f3 Be6 18. Nc5 Bc8 19. f4 Rf7 20. Qb3 Bg4 21. Bf3 Na5 22. Qxf7+ Kxf7 23. Bxg4 f5 24. Rd7 Qc6 25. Bf3 e4 26. Nb3 0-1


[Site "https://www.chess.com"]

[Event "Titled Tuesday Blitz January 03 Late 2023"]
[White "UnknownMagician"]
[Black "Przybylski, Wojciech"]
[BlackFideId "1117599"]
[WhiteElo "2670"]
[BlackElo "2321"]
[Result "0-1"]
[Round "07"]
[TimeControl "180+2"]
[Date "2023.01.03"]
[WhiteClock "0:00:01"]
[BlackClock "0:00:19"]

1. c4 e5 2. Nc3 Nf6 3. g3 d5 4. cxd5 Nxd5 5. Bg2 Nb6 6. Nf3 Nc6 7. b3 Be7 8. Bb2 O-O 9. O-O f6 10. e3 Be6 11. a3 a5 12. Rc1 Qd7 13. Ne4 Qd5 14. Nc5 Bxc5 15. Nd4 Qd6 16. Nxe6 Qxe6 17. Rxc5 Rfd8 18. Qc2 Rd6 19. Rc1 Nd7 20. Rb5 Nb6 21. Be4 g6 22. Rc5 Nd7 23. Rc3 Ra6 24. Bd3 Rb6 25. Bc4 Rd5 26. e4 Ne7 27. Rd3 c6 28. Re1 Kg7 29. exd5 cxd5 30. b4 dxc4 31. Rde3 axb4 32. axb4 Nd5 33. Re4 Rxb4 34. Ba3 Rb3 35. Bc1 b5 36. Qa2 Nb4 37. Qa7 Nd3 38. Rd1 Qd5 39. Re3 Rb1 40. Rxd3 Qxd3 41. Qe3 e4 42. Qe2 Qxe2 0-1


[Site "https://www.chess.com"]

[Event "Titled Tuesday Blitz January 03 Late 2023"]
[White "Abrahamyan, Tatev"]
[Black "Davtyan, David Arm."]
[WhiteFideId "13301918"]
[BlackFideId "13310046"]
[WhiteElo "2294"]
[BlackElo "2344"]
[Result "0-1"]
[Round "07"]
[TimeControl "180+2"]
[Date "2023.01.03"]
[WhiteClock "0:00:11"]
[BlackClock "0:00:24"]

1. e4 c6 2. Nf3 d5 3. d3 Qc7 4. exd5 cxd5 5. c4 dxc4 6. dxc4 e6 7. Nc3 Nf6 8. g3 Bb4 9. Qb3 Nc6 10. Bf4 Qa5 11. Bd2 e5 12. O-O-O e4 13. Re1 O-O 14. Nxe4 Nxe4 15. Bxb4 Nxb4 16. Rxe4 Nxa2+ 17. Kb1 Bf5 18. Bd3 Nb4 19. Re5 Bxd3+ 20. Qxd3 Qxe5 21. Nxe5 Nxd3 22. Nxd3 Rfe8 23. Nf4 Rad8 24. Kc2 Re4 25. Kc3 Rc8 26. b3 b5 27. Kd3 Ree8 28. Rc1 bxc4+ 29. bxc4 a5 30. Nd5 a4 31. Ra1 Ra8 32. Ra3 Reb8 33. Kc3 Kf8 34. c5 Ra5 35. Nb6 Rxc5+ 36. Kd4 Rc7 37. Nxa4 Ra7 38. Ra2 Rb4+ 0-1


[Site "https://www.chess.com"]

[Event "Titled Tuesday Blitz January 03 Late 2023"]
[White "Tanenbaum, Zachary"]
[Black "Sargsyan, Anna M."]
[WhiteFideId "2060850"]
[BlackFideId "13308130"]
[WhiteElo "2261"]
[BlackElo "2375"]
[Result "1-0"]
[Round "07"]
[TimeControl "180+2"]
[Date "2023.01.03"]
[WhiteClock "0:00:32"]
[BlackClock "0:00:05"]

1. e4 c6 2. d4 d5 3. exd5 cxd5 4. Bd3 Nc6 5. c3 Nf6 6. Bf4 g6 7. Nf3 Bg7 8. O-O O-O 9. Nbd2 Nh5 10. Bg5 f5 11. Re1 h6 12. Bh4 g5 13. Bg3 g4 14. Ne5 f4 15. Nxc6 bxc6 16. Bh4 Nf6 17. Nb3 Qd6 18. Nc5 a5 19. Qe2 Ra7 20. Bc2 f3 21. Qd3 fxg2 22. Bg3 Qd8 23. Bb8 Ra8 24. Be5 Qe8 25. Kxg2 Qh5 26. Kh1 Ne4 27. Nxe4 dxe4 28. Qxe4 Bf5 29. Bb3+ Kh7 30. Qxc6 a4 31. Bxg7 Kxg7 32. Rxe7+ Kh8 33. Qd5 axb3 34. Qe5+ 1-0


[Site "https://www.chess.com"]

[Event "Titled Tuesday Blitz January 03 Late 2023"]
[White "Martynov, Pavel"]
[Black "Pakleza, Zbigniew"]
[WhiteFideId "4101260"]
[BlackFideId "1119290"]
[WhiteElo "2414"]
[BlackElo "2494"]
[Result "0-1"]
[Round "07"]
[TimeControl "180+2"]
[Date "2023.01.03"]
[WhiteClock "0:00:03"]
[BlackClock "0:00:03"]

1. e4 d6 2. d4 Nf6 3. Nc3 c6 4. Nge2 b5 5. a3 e5 6. g3 Nbd7 7. Bg2 Bb7 8. O-O Be7 9. h3 a5 10. g4 b4 11. Nb1 O-O 12. Be3 exd4 13. Nxd4 c5 14. Nf5 Bxe4 15. Bxe4 Nxe4 16. axb4 cxb4 17. Qf3 d5 18. Rd1 Ne5 19. Qg2 Re8 20. Nd2 Nd6 21. Nb3 Nxf5 22. gxf5 Qc8 23. Nd4 Nc4 24. Bg5 Bxg5 25. Qxg5 Ra6 26. b3 Ne5 27. f4 Nd7 28. Re1 Nf6 29. Re5 Rd8 30. Rd1 Qc3 31. Rd3 Qc5 32. Kh2 a4 33. Rg3 Qf8 34. Ne6 fxe6 35. fxe6 Re8 36. Rf5 Kh8 37. Re5 Raxe6 38. Rxe6 Rxe6 39. bxa4 d4 40. Qf5 Re8 41. Rd3 Qe7 42. Kg3 Qe1+ 43. Kg2 Re2+ 44. Kf3 Qf2# 0-1


[Site "https://www.chess.com"]

[Event "Titled Tuesday Blitz January 03 Late 2023"]
[White "Kosteniuk, Alexandra"]
[Black "Karttunen, Mika"]
[WhiteFideId "4128125"]
[BlackFideId "502081"]
[WhiteElo "2535"]
[BlackElo "2490"]
[Result "1-0"]
[Round "07"]
[TimeControl "180+2"]
[Date "2023.01.03"]
[WhiteClock "0:00:29"]
[BlackClock "0:00:04"]

1. e4 c5 2. c3 d5 3. exd5 Qxd5 4. d4 e6 5. Nf3 Nf6 6. Be2 Nc6 7. O-O cxd4 8. cxd4 Be7 9. Nc3 Qd6 10. Nb5 Qd8 11. Bf4 Nd5 12. Bg3 O-O 13. Rc1 a6 14. Nc3 Bd7 15. Ne4 Qb6 16. Qd2 Rac8 17. Nd6 Rcd8 18. Nc4 Qa7 19. Bd3 g6 20. Bb1 Bf6 21. Rfd1 Bc8 22. h4 Nde7 23. Nd6 Qb6 24. h5 Qb4 25. Qxb4 Nxb4 26. Nxc8 Rxc8 27. Bd6 Nbc6 28. hxg6 hxg6 29. Ne5 Rfd8 30. Nxc6 Nxc6 31. Bc5 Nxd4 32. Kf1 Nc6 33. Bb6 Rxd1+ 34. Rxd1 Bd4 35. Bxd4 Nxd4 36. Be4 Nc6 37. Rd7 b5 38. Rd6 Ne5 39. Rxa6 Rc4 40. f3 g5 41. Rb6 Rc5 42. b4 Rc3 43. Rxb5 Nc4 44. Rxg5+ Kf8 45. Rc5 Nd2+ 46. Ke2 Nxe4 47. fxe4 Ra3 48. Rc2 Ke7 49. b5 1-0


[Site "https://www.chess.com"]

[Event "Titled Tuesday Blitz January 03 Late 2023"]
[White "Poliakova, Varvara"]
[Black "Dimitrov, Atanas"]
[WhiteFideId "13518313"]
[BlackFideId "2901315"]
[WhiteElo "2010"]
[BlackElo "2269"]
[Result "0-1"]
[Round "07"]
[TimeControl "180+2"]
[Date "2023.01.03"]
[WhiteClock "0:00:09"]
[BlackClock "0:00:10"]

1. e4 c5 2. Nc3 g6 3. d3 Bg7 4. g3 Nc6 5. Bg2 Nf6 6. f4 d6 7. Nf3 O-O 8. O-O Rb8 9. h3 b5 10. g4 b4 11. Ne2 e6 12. Qe1 Bb7 13. Qh4 Nd7 14. Qg3 f5 15. gxf5 exf5 16. Ng5 Qe7 17. e5 Nd8 18. Bxb7 Rxb7 19. Qg2 Nb6 20. exd6 Qxd6 21. Ng3 Re7 22. a3 b3 23. Nf3 Nc6 24. Qd2 bxc2 25. Qxc2 Rfe8 26. Bd2 Nd4 27. Nxd4 Bxd4+ 28. Kg2 Qd5+ 29. Rf3 c4 30. Bc3 Bxc3 31. Qxc3 Re3 32. Rf1 Rxd3 33. Qf6 Nd7 34. Qa6 Nc5 35. Qxa7 Nb3 36. Qa4 Ree3 37. Rf2 Nd4 38. Qa7 Rxf3 39. Qb8+ Kg7 40. Qc7+ Kh6 41. Nxf5+ Nxf5 0-1


[Site "https://www.chess.com"]

[Event "Titled Tuesday Blitz January 03 Late 2023"]
[White "Papasimakopoulos, Alexandros"]
[Black "Klose, Eli"]
[WhiteFideId "4244125"]
[BlackFideId "16242955"]
[WhiteElo "2401"]
[BlackElo "1519"]
[Result "1-0"]
[Round "07"]
[TimeControl "180+2"]
[Date "2023.01.03"]
[WhiteClock "0:01:10"]
[BlackClock "0:00:10"]

1. e4 e6 2. d4 d5 3. e5 c5 4. c3 Nc6 5. Nf3 Qb6 6. Bd3 Bd7 7. O-O cxd4 8. a3 a6 9. b4 Nh6 10. Bb2 Nf5 11. Bxf5 exf5 12. cxd4 Be6 13. Nc3 Be7 14. Na4 Qd8 15. Nc5 b6 16. Nxe6 fxe6 17. Rc1 Qd7 18. Qa4 b5 19. Qc2 Rc8 20. Qd2 O-O 21. h4 Nb8 22. Qe2 Rc4 23. Nd2 Rc6 24. Nb3 Rc4 25. Na5 Rd8 26. Nxc4 dxc4 27. g3 Qd5 28. Rfd1 Nc6 29. Qf1 f4 30. Bc3 Rf8 31. Qg2 f3 32. Qh3 Rf5 33. Rd2 g5 34. hxg5 Bxg5 35. Qg4 Kh8 36. Qh5 Bxd2 37. Qe8+ Kg7 38. Bxd2 Nxd4 39. Qe7+ Rf7 40. Qg5+ Kf8 41. Be3 Ne2+ 42. Kh2 Nxc1 43. Bc5+ Ke8 44. Qg8+ Kd7 45. Qxf7+ Kc8 46. Qg8+ Kb7 47. Qxh7+ Kc6 48. Qa7 Qxe5 49. Qxa6+ Kd5 50. Qb7# 1-0


[Site "https://www.chess.com"]

[Event "Titled Tuesday Blitz January 03 Late 2023"]
[White "Rangel, Daniel"]
[Black "Bjelobrk, Igor"]
[WhiteFideId "2124475"]
[BlackFideId "4300726"]
[WhiteElo "2207"]
[BlackElo "2403"]
[Result "1-0"]
[Round "07"]
[TimeControl "180+2"]
[Date "2023.01.03"]
[WhiteClock "0:00:10"]
[BlackClock "0:00:10"]

1. c4 c6 2. g3 d5 3. Bg2 Nf6 4. Nf3 e6 5. O-O Be7 6. b3 O-O 7. Bb2 b6 8. d3 Bb7 9. Nbd2 Nbd7 10. Qc2 Rc8 11. Rad1 c5 12. Ne5 Qc7 13. Ndf3 d4 14. Nxd7 Nxd7 15. e3 e5 16. exd4 exd4 17. Bc1 Bd6 18. Rfe1 Rfe8 19. Rxe8+ Rxe8 20. Re1 Rxe1+ 21. Nxe1 Bxg2 22. Nxg2 Ne5 23. Qe2 Qc6 24. Nh4 Ng6 25. Nf5 Bf8 26. Qe4 Qxe4 27. dxe4 Ne5 28. Bf4 Nc6 29. Bd2 g6 30. Nh4 f6 31. f4 Kf7 32. Nf3 Ke6 33. Ne1 f5 34. e5 g5 35. Nd3 g4 36. Kg2 h5 37. h4 Kd7 38. Kf2 Nd8 39. Ke2 Ne6 40. Kd1 Kc6 41. Kc2 a6 42. a4 b5 43. axb5+ axb5 44. Be1 Be7 45. Bd2 Bd8 46. Be1 Kb6 47. Bd2 Ka6 48. Be1 Ba5 49. Bxa5 Kxa5 50. Kb2 bxc4 51. bxc4 Ka4 52. Ka2 Ka5 53. Kb3 Kb6 54. Ka4 Nd8 55. Kb3 Ne6 56. Ka4 Nd8 57. Kb3 Nc6 58. Nb2 Na5+ 59. Kc2 Nb7 60. Kd3 Nd8 61. Na4+ Kc6 62. Nb2 Ne6 63. Na4 Kb7 64. Nb2 Ka6 65. Kc2 Ka5 66. Kb3 Nxf4 67. gxf4 g3 68. e6 g2 69. e7 g1=Q 70. e8=Q Qg3+ 71. Ka2 Kb4 72. Qb5+ Kc3 73. Qb3+ Kd2 74. Qxg3 1-0


[Site "https://www.chess.com"]

[Event "Titled Tuesday Blitz January 03 Late 2023"]
[White "Al-Tarboush, Ward"]
[Black "Kanakaris, Georgios"]
[WhiteFideId "7601450"]
[BlackFideId "4209460"]
[WhiteElo "2256"]
[BlackElo "2391"]
[Result "0-1"]
[Round "07"]
[TimeControl "180+2"]
[Date "2023.01.03"]
[WhiteClock "0:01:20"]
[BlackClock "0:00:34"]

1. e4 d5 2. exd5 Nf6 3. Nf3 Nxd5 4. Be2 c5 5. O-O Nc6 6. b3 Bg4 7. Bb2 e6 8. Nc3 Nf4 9. Bb5 Qc7 10. h3 Bh5 11. Ne4 a6 12. Bxc6+ Qxc6 13. d3 f5 14. Ng3 Nxh3+ 15. Kh2 Bxf3 16. Qxf3 Qxf3 17. gxf3 Nf4 18. Rfe1 Kd7 19. d4 cxd4 20. Rad1 d3 21. Be5 Bd6 22. Bxf4 Bxf4 23. Rxd3+ Ke7 24. Kg2 Bxg3 25. fxg3 Rhd8 26. Rde3 Rd6 27. f4 Rad8 28. a4 Rd2+ 29. Kf3 R8d6 30. Rc3 Rc6 31. Rxc6 bxc6 32. Rc1 h6 33. a5 g5 34. Ke3 Rg2 35. Kf3 Rh2 36. fxg5 hxg5 37. c4 g4+ 38. Ke3 e5 39. b4 Rb2 40. b5 cxb5 41. c5 Rb3+ 42. Kf2 Rb4 43. c6 Rc4 44. Re1 Ke6 0-1


[Site "https://www.chess.com"]

[Event "Titled Tuesday Blitz January 03 Late 2023"]
[White "Cruz Mendez, Jean Marco"]
[Black "Jaferian, Koosha"]
[WhiteFideId "3526402"]
[BlackFideId "12507440"]
[WhiteElo "2270"]
[BlackElo "2233"]
[Result "1/2-1/2"]
[Round "07"]
[TimeControl "180+2"]
[Date "2023.01.03"]
[WhiteClock "0:00:19"]
[BlackClock "0:00:12"]

1. e4 e6 2. Qe2 c5 3. Nf3 Nc6 4. g3 g6 5. Bg2 Bg7 6. O-O Nge7 7. c3 O-O 8. d3 d5 9. Nbd2 b6 10. Re1 Ba6 11. e5 Qc7 12. Nf1 b5 13. h4 b4 14. h5 gxh5 15. Bf4 Ng6 16. Rad1 Kh8 17. Ng5 h6 18. Qxh5 Ncxe5 19. Bxe5 Nxe5 20. d4 Bxf1 21. Bxf1 cxd4 22. cxd4 Nd7 23. Nxf7+ Kg8 24. Nxh6+ Bxh6 25. Qxh6 Rf6 26. Qg5+ Kf7 27. Qh5+ Kg7 28. Bh3 Nf8 29. Re5 Qc2 30. Rf1 Qxb2 31. Qg4+ Kf7 32. Qh5+ Kg7 33. Qg4+ Kf7 34. Qh5+ Kg7 1/2-1/2


[Site "https://www.chess.com"]

[Event "Titled Tuesday Blitz January 03 Late 2023"]
[White "Martinez Reyes, Pedro Ramon"]
[Black "Goltsev, Dmitry"]
[WhiteFideId "3901807"]
[BlackFideId "24176710"]
[WhiteElo "2376"]
[BlackElo "2269"]
[Result "0-1"]
[Round "07"]
[TimeControl "180+2"]
[Date "2023.01.03"]
[WhiteClock "0:01:31"]
[BlackClock "0:00:23"]

1. e4 e6 2. Nc3 d5 3. d4 c5 4. exd5 exd5 5. Nf3 Nf6 6. Bb5+ Nc6 7. O-O Be7 8. Re1 O-O 9. dxc5 Bxc5 10. Bg5 Bg4 11. h3 Bh5 12. Bxf6 Qxf6 13. Nxd5 Qd6 14. Ne3 Qf4 15. Nd5 Qg3 16. Ne3 Bxf3 17. Qxf3 Qxf3 18. gxf3 Nd4 19. Be2 Rfe8 20. c3 Ne6 21. Bf1 Rad8 22. Rad1 Nf4 23. Rxd8 Rxd8 24. Rd1 Rxd1 25. Nxd1 Kf8 26. Ne3 g6 27. Kh2 f5 28. Kg1 Ke7 29. h4 Kd7 30. Ng2 Nh3+ 31. Kh2 Nxf2 32. Bc4 Nd1 33. Bg8 Ke7 34. Bxh7 Kf7 35. h5 gxh5 36. Bxf5 Nxb2 37. Be4 b6 38. Kh3 Nd1 39. c4 Nc3 40. Nf4 Nxa2 41. Nxh5 Nc3 42. Bc2 a5 43. Nf4 a4 44. Nd5 Nxd5 45. cxd5 a3 46. Bb3 Kf6 47. Kg4 Ke5 48. f4+ Kd4 49. f5 Kc3 50. Ba2 Kb2 51. Bc4 b5 52. f6 bxc4 53. f7 a2 54. d6 Bxd6 55. f8=Q Bxf8 0-1


[Site "https://www.chess.com"]

[Event "Titled Tuesday Blitz January 03 Late 2023"]
[White "Adewumi, Tanitoluwa"]
[Black "Skvortsov, Andrei"]
[WhiteFideId "30966396"]
[BlackFideId "24108600"]
[WhiteElo "2283"]
[BlackElo "2313"]
[Result "1-0"]
[Round "07"]
[TimeControl "180+2"]
[Date "2023.01.03"]
[WhiteClock "0:00:04"]
[BlackClock "0:00:41"]

1. e4 c5 2. Nf3 d6 3. Bb5+ Bd7 4. Bxd7+ Qxd7 5. c4 Nc6 6. Nc3 g6 7. d4 Qg4 8. d5 Nb8 9. h3 Qc8 10. O-O Bg7 11. Re1 Nd7 12. Bf4 Ngf6 13. e5 dxe5 14. Nxe5 O-O 15. Qe2 Nxe5 16. Bxe5 Re8 17. Rad1 Qf5 18. g3 Qxh3 19. Qf3 b6 20. Nb5 Rf8 21. d6 Ng4 22. Bxg7 Qh2+ 23. Kf1 Qh3+ 24. Qg2 Qxg2+ 25. Kxg2 Kxg7 26. dxe7 Rfc8 27. Nd6 Re8 28. Nxe8+ Rxe8 29. Rd8 Nf6 30. g4 g5 31. f4 h6 32. fxg5 hxg5 33. Kf3 Kg6 34. Re5 a5 35. a4 Kh7 36. Rd6 Ng8 37. Rd7 Kg6 38. Rd6+ f6 39. Ree6 Kf7 40. Rxb6 Rxe7 41. Rxe7+ Nxe7 42. Ra6 Ng6 43. Ke4 Ne5 44. b3 Nxc4 45. bxc4 Kg6 46. Kd5 Kf7 47. Ke4 Kg6 48. Rxa5 f5+ 49. gxf5+ 1-0


[Site "https://www.chess.com"]

[Event "Titled Tuesday Blitz January 03 Late 2023"]
[White "Leiva, Gianmarco"]
[Black "Ansh M Shah"]
[WhiteFideId "3804399"]
[BlackFideId "25033379"]
[WhiteElo "2392"]
[BlackElo "2171"]
[Result "1-0"]
[Round "07"]
[TimeControl "180+2"]
[Date "2023.01.03"]
[WhiteClock "0:01:20"]
[BlackClock "0:01:45"]

1. e4 c6 2. d4 d5 3. e5 Bf5 4. h4 h5 5. Bd3 Bxd3 6. Qxd3 e6 7. Bg5 Qa5+ 8. Nd2 Qa6 9. Qf3 Be7 10. Ne2 Nh6 11. Bxe7 Kxe7 12. Qxh5 Nd7 13. Qg5+ Kf8 14. Rh3 Nf5 15. g4 Nh6 16. Rf3 Qb6 17. O-O-O Qa6 18. Nf4 c5 19. Ng6+ Kg8 20. Nxh8 Kxh8 21. Qe7 Nf8 22. Rg1 Ng6 23. Qxc5 Nxh4 24. Rh3 Ng6 25. g5 b6 26. Qa3 Qe2 27. Qe3 Qa6 28. gxh6 Qxa2 29. hxg7+ Kxg7 30. Qh6+ Kg8 31. Qh8# 1-0


[Site "https://www.chess.com"]

[Event "Titled Tuesday Blitz January 03 Late 2023"]
[White "Graif, William"]
[Black "Shuvalova, Polina"]
[WhiteFideId "2609835"]
[BlackFideId "24171760"]
[WhiteElo "2304"]
[BlackElo "2484"]
[Result "1/2-1/2"]
[Round "07"]
[TimeControl "180+2"]
[Date "2023.01.03"]
[WhiteClock "0:00:06"]
[BlackClock "0:00:04"]

1. e4 e5 2. Nf3 Nc6 3. Bc4 Nf6 4. d3 Bc5 5. c3 O-O 6. Bg5 h6 7. Bh4 a6 8. Nbd2 Re8 9. O-O Na5 10. d4 exd4 11. e5 dxc3 12. Ne4 Nxe4 13. Bxd8 Nxc4 14. Qd5 cxb2 15. Qxc4 bxa1=Q 16. Rxa1 Bxf2+ 17. Kf1 Rxd8 18. Qxe4 Bb6 19. Rd1 d6 20. exd6 Be6 21. Qb4 a5 22. Qa3 Bg4 23. Rd3 Bf5 24. Rd2 Be4 25. dxc7 Bxc7 26. Qe3 Bxf3 27. Rxd8+ Rxd8 28. Qxf3 b5 29. Qc6 Be5 30. Qxb5 Bc3 31. h3 Rd1+ 32. Kf2 Bb4 33. Qe8+ Bf8 34. a4 Rd2+ 35. Kg3 Rb2 36. Qc6 Rb3+ 37. Kh2 Rb4 38. Kh1 Rb1+ 39. Kh2 Rb4 40. Qd7 Rb3 41. Qc6 Rb4 1/2-1/2


[Site "https://www.chess.com"]

[Event "Titled Tuesday Blitz January 03 Late 2023"]
[White "Kalajzic, Ivan"]
[Black "Tregubov, Pavel V."]
[WhiteFideId "14506378"]
[BlackFideId "4115341"]
[WhiteElo "2062"]
[BlackElo "2553"]
[Result "0-1"]
[Round "07"]
[TimeControl "180+2"]
[Date "2023.01.03"]
[WhiteClock "0:00:05"]
[BlackClock "0:00:49"]

1. b3 d5 2. Bb2 Nf6 3. e3 g6 4. Nf3 Bg7 5. d4 O-O 6. Nbd2 c5 7. Be2 Nc6 8. O-O Bf5 9. a3 cxd4 10. Nxd4 Nxd4 11. Bxd4 Rc8 12. c4 a6 13. c5 Qc7 14. Nf3 Ne4 15. Bxg7 Kxg7 16. b4 b6 17. Rc1 bxc5 18. Bxa6 Ra8 19. b5 e6 20. Nh4 Qe7 21. Nxf5+ gxf5 22. Rc2 c4 23. Qa1+ Qf6 24. a4 Nc5 25. Qa3 Nxa6 26. bxa6 Rxa6 27. f4 Rfa8 28. Ra2 Rxa4 29. Qxa4 Rxa4 30. Rxa4 Qc3 31. Ra8 Qxe3+ 32. Kh1 c3 33. Rc8 d4 34. h3 h5 35. Rf3 Qe1+ 36. Kh2 h4 37. Rd3 Qe4 38. Rf3 c2 0-1


[Site "https://www.chess.com"]

[Event "Titled Tuesday Blitz January 03 Late 2023"]
[White "Goroshkov, Maksym"]
[Black "Sanchez, Robert"]
[WhiteFideId "14142716"]
[BlackFideId "2034360"]
[WhiteElo "2287"]
[BlackElo "1966"]
[Result "0-1"]
[Round "07"]
[TimeControl "180+2"]
[Date "2023.01.03"]
[WhiteClock "0:01:08"]
[BlackClock "0:00:10"]

1. e4 e6 2. d4 d5 3. exd5 exd5 4. c4 Nf6 5. Nc3 Be7 6. Nf3 O-O 7. Be2 dxc4 8. Bxc4 Bg4 9. O-O Nc6 10. Be3 Bxf3 11. Qxf3 Nxd4 12. Qxb7 c5 13. Rad1 Rb8 14. Qxa7 Rxb2 15. Bxd4 cxd4 16. Qxd4 Qxd4 17. Rxd4 Bc5 18. Rd3 Ng4 19. Ne4 Bb6 20. Rf3 Ne5 21. Rc3 Rd8 22. Bb3 Kf8 23. Rc2 Rxc2 24. Bxc2 f5 25. Ng5 Rd2 26. Bxf5 Rxa2 27. Nxh7+ Ke7 28. h3 g6 29. Be4 Re2 30. Bf3 Nxf3+ 31. gxf3 Re5 32. h4 Rh5 33. Ng5 Rxh4 34. Kg2 Ra4 35. Re1+ Kf6 36. Re6+ Kxg5 37. Rxb6 Rf4 38. Kg3 Rf8 39. Rb5+ Kh6 40. f4 Rf7 41. Kg4 Rc7 42. Rb6 Kg7 43. f3 Rc5 44. Rd6 Rf5 45. Re6 Rb5 46. Re5 Rb1 47. f5 Rg1+ 48. Kf4 g5+ 49. Ke4 Re1+ 50. Kd5 Rf1 51. Ke6 Rxf3 52. Re4 Kh6 53. Kf6 Kh5 54. Re1 g4 55. Re8 Kh4 56. Rh8+ Kg3 57. Kg5 Rb3 58. Rh4 Rb4 59. f6 Rb5+ 60. Kg6 Kxh4 61. f7 Rb8 62. Kf5 g3 63. Ke6 Kh3 64. Kd7 g2 65. Kc7 Rf8 66. Kd7 Rxf7+ 67. Ke6 Rf2 68. Ke5 g1=Q 69. Ke4 Qe1+ 70. Kd3 Rd2+ 71. Kc4 Qc1+ 72. Kb3 Rb2+ 73. Ka3 Qa1# 0-1


[Site "https://www.chess.com"]

[Event "Titled Tuesday Blitz January 03 Late 2023"]
[White "Fishbein, Alexander"]
[Black "Paspuel, Trosky"]
[WhiteFideId "2000377"]
[BlackFideId "3602150"]
[WhiteElo "2366"]
[BlackElo "1721"]
[Result "1-0"]
[Round "07"]
[TimeControl "180+2"]
[Date "2023.01.03"]
[WhiteClock "0:00:28"]
[BlackClock "0:00:01"]

1. e4 c6 2. d4 d5 3. Nc3 dxe4 4. Nxe4 Nf6 5. Qd3 Nbd7 6. Nf3 Nxe4 7. Qxe4 Nf6 8. Qd3 g6 9. Be2 Bg7 10. O-O O-O 11. h3 Bf5 12. Qb3 Qc7 13. c4 Ne4 14. Be3 b5 15. cxb5 cxb5 16. Rac1 Qd6 17. Ne5 Bxe5 18. dxe5 Qxe5 19. Qxb5 Qxb5 20. Bxb5 Rab8 21. a4 a6 22. Bxa6 Rxb2 23. Ra1 Ra8 24. Bb5 Nd6 25. Bc6 Ra6 26. Bd5 Be4 27. Rfd1 Bxd5 28. Rxd5 f6 29. Rc5 Kf7 30. Rc7 Rb4 31. a5 Rb5 32. Rc5 Rxc5 33. Bxc5 Nc4 34. Bb4 Ke6 35. Rd1 Kf7 36. Kf1 h5 37. Rd5 e5 38. Rb5 1-0


[Site "https://www.chess.com"]

[Event "Titled Tuesday Blitz January 03 Late 2023"]
[White "Dourerassou, Jonathan"]
[Black "Gonzalez, Francisco Silva"]
[WhiteFideId "628050"]
[BlackFideId "1512285"]
[WhiteElo "2414"]
[BlackElo "2021"]
[Result "1-0"]
[Round "07"]
[TimeControl "180+2"]
[Date "2023.01.03"]
[WhiteClock "0:00:17"]
[BlackClock "0:00:18"]

1. d4 Nf6 2. Bg5 c5 3. Bxf6 gxf6 4. d5 f5 5. c4 Bg7 6. Nc3 d6 7. Qc2 Qa5 8. e3 Nd7 9. Nh3 Ne5 10. Be2 h5 11. Nf4 h4 12. O-O Bd7 13. h3 Qb4 14. a3 Qb6 15. Rab1 a6 16. b4 Ra7 17. Kh1 Qc7 18. Rfc1 Ra8 19. bxc5 Qxc5 20. Rxb7 Qxa3 21. Rcb1 Rd8 22. Nd1 Qc5 23. Qa2 a5 24. Nb2 Bf6 25. Nbd3 Nxd3 26. Nxd3 Qc8 27. Qxa5 Qxc4 28. Ne5 Qc8 29. Nxd7 Qxd7 30. Bb5 Qxb5 31. Qxb5+ Kf8 32. Rb8 Kg7 33. Rxd8 Rxd8 34. Qc4 Ra8 35. Qf4 Kg6 36. e4 fxe4 37. Qxe4+ Kg7 38. Qg4+ Kh6 39. Qf5 Rd8 40. g4 hxg3 41. fxg3 Rg8 42. g4 Rg5 43. Qf4 Kg7 44. h4 Rxd5 45. g5 Be5 46. Qf3 Rd4 47. h5 Rh4+ 48. Kg2 Rf4 49. Qh3 Rc4 50. Rf1 Rc2+ 51. Rf2 Rc3 52. Qf5 Rg3+ 53. Kf1 f6 54. h6+ Kf7 55. Qh7+ Ke6 56. g6 Rh3 57. g7 Rh1+ 58. Ke2 Kd5 59. g8=Q+ Kc5 60. Qc8+ Kd5 61. Qf7+ Ke4 62. Qc6+ d5 63. Qfxd5# 1-0


[Site "https://www.chess.com"]

[Event "Titled Tuesday Blitz January 03 Late 2023"]
[White "Fernandez Garcia, Gumersindo"]
[Black "Domingo Nunez, Ruben"]
[WhiteFideId "24516740"]
[BlackFideId "22245570"]
[WhiteElo "2160"]
[BlackElo "2416"]
[Result "0-1"]
[Round "07"]
[TimeControl "180+2"]
[Date "2023.01.03"]
[WhiteClock "0:00:12"]
[BlackClock "0:00:09"]

1. g3 g6 2. Bg2 Bg7 3. a3 Nf6 4. d3 O-O 5. e3 c5 6. Ne2 Nc6 7. Nd2 d5 8. O-O e5 9. b3 Re8 10. Bb2 b5 11. a4 b4 12. e4 d4 13. Nc4 Be6 14. f4 Bxc4 15. bxc4 Ng4 16. Bc1 Rb8 17. h3 Ne3 18. Bxe3 dxe3 19. Re1 exf4 20. Rb1 fxg3 21. Nxg3 Qh4 22. Nf1 Qf2+ 23. Kh1 Bd4 24. Re2 Qf4 25. Qe1 Bc3 26. Qd1 Bd2 27. Nxd2 Nd4 28. Nf1 Nxe2 29. Qxe2 f5 30. Qxe3 Qe5 31. Qg3 f4 32. Qg4 Rf8 33. Nd2 Qc3 34. Nf3 Qxc2 35. Qe6+ Kg7 36. Qe5+ Rf6 37. Qxb8 Qxb1+ 38. Kh2 Qxd3 39. Qxa7+ Kg8 40. Qxc5 b3 41. Qc8+ Kg7 42. Qc7+ Kh6 43. Qe5 Qd8 44. Qg5+ Kg7 45. Qe5 Qd6 46. Qb2 Qd3 47. e5 Re6 48. Nd4 Qg3+ 49. Kg1 Qe3+ 50. Kh2 Rb6 51. e6 Qg3+ 52. Kh1 Kh6 53. Nf3 Rxe6 54. Qxb3 Re1+ 55. Ng1 Qxb3 0-1


[Site "https://www.chess.com"]